 Dungeon Crawl Stone Soup version 0.30.1-11-g7821555f0a (webtiles) character file.

Game seed: 8543458762145059417

231383 andronian the Phalangite (level 19, -9/170 HPs)
             Began as a Merfolk Fighter on Nov 27, 2023.
             Was a High Priest of Okawaru.
             Mangled by a vault sentinel
             ... wielding a +0 war axe
              (13 damage)
             ... on level 1 of the Vaults.
             The game lasted 01:54:47 (34751 turns).

andronian the Phalangite (Merfolk Fighter)         Turns: 34751, Time: 01:54:48

Health: -9/170     AC: 32    Str: 32    XL:     19   Next: 5%
Magic:  37/37      EV:  8    Int:  8    God:    Okawaru [*****.]
Gold:   2112       SH:  5    Dex: 23    Spells: 18/18 levels left

rFire   . . .        a - +10 bardiche "Bocarphypt" {holy, rCorr Dex+4}
rCold   . . .        (shield currently unavailable)
rNeg    . . .        N - +8 plate armour of Insecurity {rElec MP+9}
rPois   +            x - +2 hat
rElec   +            A - +2 cloak {Will+}
rCorr   +            o - +0 pair of gloves of the Alphagorgon {Dex+5}
SInv    .            c - +2 pair of boots of Okawaru's Regard {Regen+ Str+3}
Will    ++...        s - amulet of reflection Stlth
                     w - ring of poison resistance
HPRegen 1.28/turn    g - +6 ring of strength
MPRegen 0.25/turn

%: reflection
@: about to teleport, studying Axes
A: (nimble swimmer 2), mertail
}: 2/15 runes: decaying, gossamer
a: Renounce Religion, Heroism, Finesse, Duel


You were on level 1 of the Vaults.
You worshipped Okawaru.
Okawaru was extremely pleased with you.
You visited 7 branches of the dungeon, and saw 32 of its levels.
You also visited: Ossuary.

You collected 4807 gold pieces.
You spent 2695 gold pieces at shops.

Inventory:

Hand Weapons
 a - the +10 bardiche "Bocarphypt" (weapon) {holy, rCorr Dex+4}
   (Okawaru gifted it to you on level 3 of the Swamp)

   Dex:       It affects your dexterity (+4).
   rCorr:     It protects you from acid and corrosion.
 b - a +4 glaive of flaming
 U - a +8 scythe of protection
Missiles
 e - 5 silver javelins
 k - 65 poisoned darts
 D - 2 curare-tipped darts
 P - 5 atropa-tipped darts
 V - 5 javelins
Armour
 c - the +2 pair of boots of Okawaru's Regard (worn) {Regen+ Str+3}
   (Okawaru gifted it to you on level 12 of the Dungeon)

   Str:       It affects your strength (+3).
   Regen:     It increases your rate of health regeneration.
 o - the +0 pair of gloves of the Alphagorgon (worn) {Dex+5}
   (Okawaru gifted it to you on level 4 of the Lair of Beasts)

   Dex:       It affects your dexterity (+5).
 x - a +2 hat (worn)
 A - a +2 cloak of willpower (worn)
 N - the +8 plate armour of Insecurity (worn) {rElec MP+9}
   (You bought it in a shop on level 2 of the Dungeon)

   rElec:     It insulates you from electricity.
   MP:        It affects your magic capacity (+9).
Jewellery
 g - a +6 ring of strength (right hand)
 j - a +5 ring of evasion
 s - an amulet of reflection (around neck)
 t - a ring of willpower
 w - a ring of poison resistance (left hand)
 J - a ring of ice
 M - a ring of protection from fire
 Y - a +6 ring of dexterity
 Z - the ring "Ikloh" {*Corrode rElec Dex+3 SInv}
   (You found it on level 2 of the Lair of Beasts)

   [ring of see invisible]

   Dex:       It affects your dexterity (+3).
   rElec:     It insulates you from electricity.
   SInv:      It lets you see invisible.
   *Corrode:  It may corrode you when you take damage.
Wands
 d - a wand of mindburst (5)
 r - a wand of flame (17)
 z - a wand of polymorph (28)
 B - a wand of paralysis (43)
 L - a wand of digging (25)
 T - a wand of roots (45) (quivered)
 X - a wand of light (19)
Scrolls
 l - 6 scrolls of teleportation
 p - 4 scrolls of immolation
 q - a scroll of enchant armour
 F - 4 scrolls of magic mapping
 H - 2 scrolls of fear
 K - 10 scrolls of fog
 O - 2 scrolls of silence
 S - a scroll of butterflies
Potions
 f - a potion of invisibility
 h - 3 potions of lignification
 i - a potion of berserk rage
 n - 3 potions of resistance
 u - 3 potions of ambrosia
 v - 8 potions of flight
 C - 6 potions of might
 E - a potion of magic
 G - 3 potions of cancellation
 I - 5 potions of brilliance
 Q - a potion of haste
 R - 6 potions of heal wounds


   Skills:
 - Level 20.6 Fighting
 * Level 23.9 Polearms
 - Level 9.0 Throwing
 - Level 9.7 Armour
 - Level 3.1 Shields
 - Level 13.0 Invocations
 - Level 10.6 Evocations


You had 18 spell levels left.
You didn't know any spells.
Your spell library contained the following spells:

 Spells                   Type           Power      Damage    Failure   Level
 Apportation              Tloc           0%         N/A       96%         1
 Foxfire                  Conj/Fire      0%         2x1d4     96%         1
 Freeze                   Ice            0%         1d3       96%         1
 Necrotise                Necr           0%         1d4       96%         1
 Sting                    Tmut/Pois      0%         1d3       96%         1
 Cigotuvi's Dreadful Rot  Necr/Pois/Air  0%         N/A       99%         2
 Passwall                 Tmut/Erth      0%         N/A       99%         2
 Scorch                   Fire           0%         2d5       99%         2
 Sublimation of Blood     Necr           0%         N/A       99%         2
 Wereblood                Tmut           0%         N/A       99%         2
 Frozen Ramparts          Ice            0%         1d1       100%        3
 Hailstorm                Conj/Ice       0%         3d3       100%        3
 Portal Projectile        Hex/Tloc       0%         N/A       100%        3
 Vampiric Draining        Necr           0%         2d6       100%        3
 Vhi's Electric Charge    Tloc/Air       0%         N/A       100%        3
 Dispel Undead            Necr           0%         3d6       100%        4
 Flame Wave               Conj/Fire      0%         2d4       100%        4
 Ice Form                 Ice/Tmut       0%         N/A       100%        4
 Leda's Liquefaction      Hex/Erth       0%         N/A       100%        4
 Passage of Golubria      Tloc           0%         N/A       100%        4
 Agony                    Necr           0%         N/A       100%        5
 Arcjolt                  Conj/Air       0%         1d10      100%        5
 Borgnjor's Vile Clutch   Necr/Erth      0%         N/A       100%        5
 Fireball                 Conj/Fire      0%         3d3       100%        5
 Iskenderun's Battlesphe  Conj           0%         2d6       100%        5
 Yara's Violent Unravell  Hex/Tmut       0%         3d3       100%        5
 Conjure Ball Lightning   Conj/Air       0%         3x3d6     100%        6
 Plasma Beam              Fire/Air       0%         2x1d11    100%        6
 Starburst                Conj/Fire      0%         6d3       100%        6
 Statue Form              Tmut/Erth      0%         N/A       100%        6
 Orb of Destruction       Conj           0%         9d5       100%        7
 Storm Form               Tmut/Air       0%         N/A       100%        7
 Maxwell's Capacitive Co  Air            0%         ∞         100%        8
 Necromutation            Tmut/Necr      0%         N/A       100%        8
 Summon Small Mammal      Summ           Unusable   N/A       N/A         1
 Call Canine Familiar     Summ           Unusable   N/A       N/A         3
 Tukima's Dance           Hex            Unusable   N/A       N/A         3
 Animate Dead             Necr           Unusable   N/A       N/A         4
 Summon Ice Beast         Ice/Summ       Unusable   N/A       N/A         4
 Summon Lightning Spire   Summ/Air       Unusable   N/A       N/A         4
 Death Channel            Necr           Unusable   N/A       N/A         6
 Summon Cactus Giant      Summ           Unusable   N/A       N/A         6

Dungeon Overview and Level Annotations

Branches:
Dungeon (15/15)            Temple (1/1) D:4            Lair (5/5) D:9
  Swamp (4/4) Lair:2       Spider (4/4) Lair:2        Slime (0/5) Lair:4
    Orc (2/2) D:10            Elf (0/3) Orc:2        Vaults (1/5) D:13
Ossuary (visited)
 Depths: D:15

Altars:
Ashenzari
Cheibriados
Dithmenos
Elyvilon
Fedhas
Gozag
Hepliaklqana
Kikubaaqudgha
Makhleb
Nemelex Xobeh
Okawaru
Qazlal
Ru
Sif Muna
Trog
Uskayaw
Vehumet
Wu Jian
Xom
Yredelemnul
Zin
The Shining One

Shops:
D:1 *   D:2 [   D:6 ?   D:13 *   D:15 *   Orc:2 (?*:

Portals:
Trove: D:12 (give +2 shadow dragon scales)

Annotations:
Lair:1 3 runed translucent doors, exclusion: oklob plant, Soubbyef's ghost, journeyman GnAE; hawla's ghost, journeyman MeFE
Swamp:3 1 runed translucent door, bairyn's ghost, adept DESu


Innate Abilities, Weirdness & Mutations

((You are very nimble when in or above water. (Stealth+, EV+, Speed+++)))
Your lower body shifts to a powerful aquatic tail in water.


Message History

The harpy barely misses you. The harpy claws you.
* * * LOW HITPOINT WARNING * * *
You block the harpy's attack.
The harpy claws you but does no damage. x2
The harpy barely misses you.
You hit the harpy.
The harpy is almost dead.
The harpy claws you but does no damage. You block the harpy's attack.
The harpy claws you!
* * * LOW HITPOINT WARNING * * *
The harpy claws you but does no damage. x2; The harpy claws you!
* * * LOW HITPOINT WARNING * * *
Electricity crackles from the ironbound thunderhulk's apparatus.
The bolt of lightning hits you! You resist.
* * * LOW HITPOINT WARNING * * *
You feel much better.
The harpy claws you but does no damage. x3
The harpy completely misses you.
The harpy claws you but does no damage. x2
You block the harpy's attack. The harpy barely misses you.
The deep troll bites you.
* * * LOW HITPOINT WARNING * * *
The deep troll claws you!
* * * LOW HITPOINT WARNING * * *
The deep troll claws you!
* * * LOW HITPOINT WARNING * * *
The vault sentinel blows a loud note on a signal horn!
Unknown command.
Blink to where?
Press: ? - help, Dir - move target, f - you
Okay, then.
Okay, then.
Okay, then.
Okay, then.
Blink to where?
Press: ? - help, Dir - move target
As you read the scroll of blinking, it crumbles to dust.
The lindwurm breathes flames at you. The blast of flame misses you.
As you read the scroll of teleportation, it crumbles to dust.
You feel strangely unstable.
The vault sentinel hits you with a +0 war axe!
You die...

#..#..H...#....#
#..#..∩§..#....#
#..#......#....#
#..#...[H.#)...#
.##..#.....THH...#
..#..#......#)...#
.##..#......#.Ok.#
..#..########..p.#
.##.............@#
..#....p.........#
.##...#########..#
.)'p..#.......#..#
.##...#.......#..#
..#...#.......#..#
.##..O#.......#..#
..#...'.......#..#
.##...#.......


You could see an ironbound thunderhulk, a deep troll, a vault sentinel (catching
breath), a lindwurm and 3 harpies.

Vanquished Creatures
  Nikola (Swamp:3)
  Arachne (Spider:2)
  A thorn hunter (Swamp:3)
  Kirke (D:14)
  Donald (Swamp:3)
  Roxanne (Spider:2)
  2 fenstrider witches
  8 emperor scorpions
  A vault warden (Vaults:1)
  Louise (Spider:2)
  3 ghost moths
  An ironbound preserver (Vaults:1)
  A broodmother (Spider:2)
  The ghost of Ironcache the Slayer, a journeyman MiBe of Trog (Lair:2)
  4 eleionomae
  A deep elf demonologist (Vaults:1)
  A minotaur (D:11)
  5 spark wasps
  6 bunyips
  4 fire dragons
  A vault guard (Vaults:1)
  4 entropy weavers
  The ghost of Cheops the Spear-Bearer, a journeyman MfFi of the Shining One (D:11)
  2 ice dragons (Swamp:3)
  16 hydras
  4 ghost crabs
  2 radroaches
  5 centaur warriors
  4 ogre magi (Orc:2)
  3 boulder beetles
  23 two-headed ogres
  A death knight (D:14)
  7 death yaks (Lair:5)
  A tengu warrior (D:11)
  9 alligators
  An orc high priest (Orc:1)
  Urug (Lair:5)
  Nergalle (Lair:3)
  2 sun moths (Spider:3)
  A deep elf knight (D:13)
  A fire crab (Swamp:4)
  3 pharaoh ants
  4 goliath frogs
  A spriggan simulacrum (Swamp:4)
  A deep troll (Vaults:1)
  6 skeletal warriors
  A spectral hydra (Lair:2)
  7 orb spiders
  5 spriggan druids
  8 bog bodies
  11 swamp dragons
  5 lindwurms
  3 deep elf pyromancers
  An orc knight (D:9)
  An ironbound convoker (Vaults:1)
  4 wolf spider zombies (Spider:1)
  5 steelbarb worms (Spider:4)
  4 bunyip skeletons (Swamp:4)
  3 spectral wolf spiders (Spider:1)
  17 wolf spiders
  2 harpies (Vaults:1)
  2 ugly things (D:12)
  3 deep elf zephyrmancers (D:13)
  4 cyclopes
  A manticore (D:14)
  3 will-o-the-wisps
  6 moths of wrath
  13 elephants
  A vault sentinel (Vaults:1)
  Maurice (D:8)
  6 demonic crawlers
  5 black mambas
  4 gargoyles
  2 rime drakes
  3 molten gargoyles (Lair:5)
  6 cane toads
  4 centaur skeletons (D:13)
  An orange demon (Lair:2)
  An unseen horror (D:12)
  9 komodo dragons
  2 freezing wraiths (D:14)
  Psyche (D:9)
  2 tengu conjurers (D:13)
  An efreet (D:14)
  3 kobold demonologists
  2 bloated husks (Swamp:2)
  21 tarantellas
  4 meliai
  2 polar bears
  10 trolls
  12 tyrant leeches
  2 wolf spider simulacra (Spider:1)
  11 hornets
  5 dream sheep (Lair:5)
  22 blink frogs
  2 shadows
  Sigmund (D:2)
  9 slime creatures
  13 spriggans
  6 wraiths
  20 culicivoras
  10 wyverns
  Eustachio (D:5)
  14 jumping spiders
  A vampire (D:10)
  4 hogs
  The ghost of fireball365 the Chopper, an amateur HOFi (D:3)
  5 basilisks
  A spectral komodo dragon (Lair:2)
  68 yaks
  2 humans (D:14)
  12 vampire mosquitoes
  4 steam dragons
  Edmund (D:6)
  42 redbacks
  13 swamp worms
  2 acid dragons
  4 wargs
  2 spectral yaks (Lair:2)
  7 swamp drakes
  9 water moccasins
  14 orc warriors
  4 hell hounds (Lair:5)
  4 black bears
  24 ogres
  A spectral rime drake (Lair:2)
  19 centaurs
  A swamp dragon skeleton (Swamp:4)
  7 kobold brigands
  11 bullfrogs
  Blork the orc (D:6)
  4 gnoll sergeants
  16 scorpions
  9 wights
  12 killer bees
  7 howler monkeys
  3 electric eels
  2 centaur zombies (Ossuary)
  6 lava snakes
  3 hounds
  4 jellies (Lair:4)
  15 orc priests
  Crazy Yiuf (D:7)
  5 scorpion zombies (Ossuary)
  3 sleepcaps
  A human zombie (Ossuary)
  3 iguanas
  19 orc wizards
  4 mummies
  19 gnolls
  7 adders
  A shadow imp (D:7)
  4 white imps
  A worm (D:2)
  2 dart slugs
  52 orcs
  9 bats
  13 endoplasms
  3 giant cockroaches (D:4)
  3 gnoll zombies (Ossuary)
  14 goblins
  10 hobgoblins
  3 quokkas
  10 ball pythons
  A frilled lizard (D:2)
  A goblin zombie (Ossuary)
  4 hobgoblin zombies (Ossuary)
  16 kobolds
  4 kobold zombies (Ossuary)
  An orc zombie (Ossuary)
  3 rats
  A spectral weapon (Swamp:3)
1041 creatures vanquished.

Vanquished Creatures (others)
  A ghost moth (Spider:4)
  A radroach (Spider:3)
  Amaemon (Lair:2)
  A bloated husk (Swamp:3)
  A blink frog (Lair:2)
  2 steam dragons (Swamp:4)
  A water moccasin (Lair:2)
  3 swamp drakes (Swamp:4)
  A worm (D:4)
  25 foxfires
37 creatures vanquished.

Grand Total: 1078 creatures vanquished

Notes
Turn   | Place    | Note
-------+----------+-------------------------------------------
     0 | D:1      | andronian the Merfolk Fighter began the quest for the Orb.
     0 | D:1      | Reached XP level 1. HP: 18/18 MP: 1/1
   160 | D:1      | Reached XP level 2. HP: 24/24 MP: 2/2
   163 | D:1      | Reached skill level 3 in Polearms
   274 | D:1      | Found Humyoro's Assorted Antiques.
   434 | D:1      | Reached XP level 3. HP: 30/30 MP: 3/3
   671 | D:1      | Reached skill level 4 in Polearms
   846 | D:2      | Noticed Sigmund
   871 | D:2      | Killed Sigmund
   872 | D:2      | Reached skill level 7 in Polearms
   872 | D:2      | Reached XP level 4. HP: 29/37 MP: 4/4
   872 | D:2      | Reached XP level 5. HP: 33/42 MP: 5/5
  1280 | D:2      | Found Niveom's Armour Shoppe.
  1693 | D:3      | Found a faded altar of an unknown god.
  1751 | D:3      | Reached XP level 6. HP: 48/48 MP: 6/6
  2412 | D:3      | Found a runed translucent gate.
  2412 | D:3      | Found a runed translucent gate.
  2413 | D:3      | Found a runed translucent gate.
  2415 | D:3      | Noticed fireball365's ghost (amateur HOFi)
  2422 | D:3      | Killed fireball365's ghost
  2423 | D:3      | Reached skill level 9 in Polearms
  2520 | D:4      | Reached XP level 7. HP: 52/53 MP: 7/7
  2918 | D:3      | Reached skill level 10 in Polearms
  3242 | D:4      | Found a shimmering altar of Xom.
  3391 | D:4      | Found a staircase to the Ecumenical Temple.
  3451 | Temple   | Entered the Ecumenical Temple
  3802 | D:4      | Reached XP level 8. HP: 61/61 MP: 8/8
  3848 | D:5      | Entered Level 5 of the Dungeon
  3862 | D:5      | Identified the +5 dagger "Harewk" {pain, rF+ Stlth+}
  3949 | D:5      | Reached skill level 5 in Fighting
  4014 | D:5      | Noticed Eustachio
  4034 | D:5      | Killed Eustachio
  4150 | D:5      | Reached skill level 5 in Armour
  4347 | D:5      | Reached XP level 9. HP: 69/69 MP: 9/9
  4488 | D:5      | Identified a scroll of acquirement
  4489 | D:5      | Acquired 533 gold pieces
  4529 | D:6      | Found a glowing golden altar of the Shining One.
  4567 | D:6      | Identified the +8 short sword "Death Rattle" {freeze, *Slow
                  | Fragile rC+++ MP+9}
  4571 | D:6      | Noticed Edmund
  4585 | D:6      | Killed Edmund
  4639 | D:6      | Noticed a two-headed ogre
  4662 | D:6      | Killed a two-headed ogre
  4834 | D:7      | Found a white marble altar of Elyvilon.
  4957 | D:7      | Found a sparkling altar of Nemelex Xobeh.
  4962 | D:7      | Found a hazy altar of Hepliaklqana.
  5020 | D:7      | Found an ornate altar of the Wu Jian Council.
  5083 | D:7      | Found a runed translucent door.
  5084 | D:7      | Noticed Crazy Yiuf
  5090 | D:7      | Killed Crazy Yiuf
  5727 | D:7      | Found an iron altar of Okawaru.
  5961 | D:7      | Became a worshipper of Warmaster Okawaru
  6061 | D:7      | Found a bloodstained altar of Trog.
  6368 | D:8      | Found a sand-covered staircase.
  6377 | Ossuary  | Entered an ossuary
  6449 | Ossuary  | Reached XP level 10. HP: 80/80 MP: 10/10
  6509 | Ossuary  | Reached * piety under Okawaru
  6815 | D:6      | Noticed Blork the orc
  6931 | D:6      | Killed Blork the orc
  6931 | D:6      | Reached ** piety under Okawaru
  7026 | D:6      | Found Qaabb's Magic Scroll Boutique.
  7158 | D:2      | Bought the +8 plate armour of Insecurity {rElec MP+9} for
                  | 959 gold pieces
  7683 | D:8      | Noticed Maurice
  7690 | D:8      | Killed Maurice
  7987 | D:9      | Reached *** piety under Okawaru
  8862 | D:9      | Found a staircase to the Lair.
  8868 | D:9      | Reached XP level 11. HP: 74/90 MP: 11/11
  9131 | D:10     | Entered Level 10 of the Dungeon
  9131 | D:10     | Noticed Psyche
  9134 | D:10     | Found a staircase to the Orcish Mines.
  9134 | D:10     | Noticed an orc knight
  9145 | D:9      | Killed Psyche
  9146 | D:9      | Reached skill level 10 in Fighting
  9328 | D:10     | Noticed a two-headed ogre
  9336 | D:10     | Killed a two-headed ogre
  9337 | D:10     | Reached skill level 11 in Polearms
  9680 | D:9      | Killed an orc knight
  9680 | D:9      | Reached **** piety under Okawaru
  9681 | D:9      | Reached skill level 12 in Polearms
  9901 | D:10     | Noticed a two-headed ogre
  9916 | D:10     | Killed a two-headed ogre
  9916 | D:10     | Received a gift from Okawaru
  9999 | D:10     | Reached skill level 13 in Polearms
 10066 | D:10     | Identified the +1 robe of Dramatic Exits {Rampage rF-
                  | Str+7}
 10149 | D:10     | Found an opulent altar of Gozag.
 10245 | D:11     | Found the macabre finger necklace {Finger+ rN+}
 10373 | D:11     | Received a gift from Okawaru
 10517 | D:11     | Found a runed translucent gate.
 10517 | D:11     | Found a runed translucent gate.
 10517 | D:11     | Found a runed translucent gate.
 10519 | D:11     | Noticed a two-headed ogre
 10520 | D:11     | Noticed Cheops's ghost (journeyman MfFi)
 10522 | D:11     | Noticed a minotaur
 10548 | D:11     | Identified the +2 cloak "Pifekku" {rElec Will- Regen+}
 10764 | Orc:1    | Entered Level 1 of the Orcish Mines
 10764 | Orc:1    | Noticed an orc high priest
 10776 | D:10     | Reached skill level 14 in Polearms
 11001 | Orc:1    | Killed an orc high priest
 11250 | Lair:1   | Entered Level 1 of the Lair of Beasts
 11286 | Lair:1   | Reached skill level 1 in Invocations
 11303 | Lair:1   | Reached ***** piety under Okawaru
 11312 | Lair:1   | Reached skill level 15 in Polearms
 11438 | Lair:1   | Reached XP level 12. HP: 91/97 MP: 14/14
 11466 | Lair:1   | Received a gift from Okawaru
 11638 | Lair:1   | Found a blossoming altar of Fedhas.
 11686 | Lair:1   | Found a runed translucent gate.
 11686 | Lair:1   | Found a runed translucent gate.
 11686 | Lair:1   | Found a runed translucent gate.
 11688 | Lair:1   | Noticed hawla's ghost (journeyman MeFE)
 11688 | Lair:1   | Noticed Soubbyef's ghost (journeyman GnAE)
 11742 | Lair:1   | Reached skill level 5 in Invocations
 12311 | D:11     | Killed a two-headed ogre
 12312 | D:11     | Reached skill level 16 in Polearms
 12322 | D:11     | Killed a minotaur
 12333 | D:11     | Killed Cheops's ghost
 12575 | D:11     | Noticed a tengu warrior
 12595 | D:11     | Noticed a two-headed ogre
 12608 | D:11     | Killed a two-headed ogre
 12794 | D:11     | Killed a tengu warrior
 13038 | D:1      | Bought a twisted steel ring for 155 gold pieces
 13038 | D:1      | Bought a jade ring for 155 gold pieces
 13430 | Lair:2   | Noticed a five-headed hydra
 13967 | D:12     | Found a portal to a secret trove of treasure.
 13968 | D:12     | Noticed a two-headed ogre
 13982 | D:12     | Killed a two-headed ogre
 13982 | D:12     | Received a gift from Okawaru
 13983 | D:12     | Reached XP level 13. HP: 102/106 MP: 19/19
 14312 | D:12     | Reached skill level 5 in Throwing
 14840 | D:12     | Identified the +2 pair of boots of Okawaru's Regard {Regen+
                  | Str+3} (Okawaru gifted it to you on level 12 of the
                  | Dungeon)
 14840 | D:12     | Received a gift from Okawaru
 15579 | Lair:2   | Found a hole to the Spider Nest.
 15616 | Lair:2   | Noticed Amaemon
 15709 | Lair:2   | Killed Amaemon
 15848 | Lair:2   | Found a runed translucent door.
 15853 | Lair:2   | Noticed Ironcache's ghost (journeyman MiBe)
 16060 | Lair:2   | Found a staircase to the Swamp.
 16432 | Lair:2   | Identified the +2 scale mail of Sloth {rF+ rC+ Will-}
 16676 | Lair:3   | Reached XP level 14. HP: 120/121 MP: 20/20
 16755 | Lair:3   | Reached skill level 15 in Fighting
 16770 | Lair:3   | Received a gift from Okawaru
 17112 | Lair:3   | Noticed Nergalle
 17131 | Lair:3   | Killed Nergalle
 17361 | Lair:3   | Received a gift from Okawaru
 17754 | Lair:4   | Found a staircase to the Slime Pits.
 17770 | Lair:4   | Reached ****** piety under Okawaru
 17810 | Lair:4   | Identified the +0 pair of gloves of the Alphagorgon {Dex+5}
                  | (Okawaru gifted it to you on level 4 of the Lair of Beasts)
 17810 | Lair:4   | Received a gift from Okawaru
 18590 | Lair:5   | Entered Level 5 of the Lair of Beasts
 18801 | Lair:5   | Found a large runed translucent door.
 18801 | Lair:5   | Found a large runed translucent door.
 19107 | Lair:5   | Noticed Urug
 19124 | Lair:5   | Killed Urug
 19603 | Lair:5   | Found an ornate altar of the Wu Jian Council.
 19604 | Lair:5   | Found a hide-covered altar of Uskayaw.
 19678 | Lair:5   | Reached skill level 1 in Evocations
 19741 | Lair:5   | Received a gift from Okawaru
 20070 | Lair:5   | Identified the +5 scale mail of the Lion {Will+ Str+4
                  | Dex-3} (Okawaru gifted it to you on level 5 of the Lair of
                  | Beasts)
 20070 | Lair:5   | Received a gift from Okawaru
 20071 | Lair:5   | Reached XP level 15. HP: 136/136 MP: 21/21
 20507 | D:13     | Reached skill level 10 in Invocations
 20523 | D:13     | Found Fach's Elemental Accessories.
 20753 | D:13     | Found a gate to the Vaults.
 21484 | D:14     | Noticed Kirke
 21536 | D:14     | Killed Kirke
 21716 | D:14     | Reached skill level 5 in Evocations
 21989 | D:14     | Received a gift from Okawaru
 22090 | D:14     | Identified the +7 chain mail of Okawaru's Outrage {SInv}
                  | (Okawaru gifted it to you on level 14 of the Dungeon)
 22090 | D:14     | Received a gift from Okawaru
 22438 | D:15     | Entered Level 15 of the Dungeon
 22491 | D:15     | Found Dohoec's General Store.
 22499 | D:15     | Bought a scroll of teleportation for 36 gold pieces
 22499 | D:15     | Bought a scroll of enchant weapon for 90 gold pieces
 22676 | Swamp:1  | Entered Level 1 of the Swamp
 23534 | Swamp:2  | Reached XP level 16. HP: 128/145 MP: 25/25
 24484 | Swamp:3  | Noticed Donald
 24501 | Swamp:3  | Noticed Nikola
 24804 | Swamp:3  | Received a gift from Okawaru
 24805 | Swamp:3  | Reached skill level 17 in Polearms
 24836 | Swamp:3  | Noticed a thorn hunter
 24879 | Swamp:3  | Killed a thorn hunter
 25087 | Swamp:3  | Received a gift from Okawaru
 25087 | Swamp:3  | Found the +7 Kryia's mail coat {PotionHeal*2 rC+}
 25277 | Swamp:3  | Killed Donald
 25315 | Swamp:3  | Killed Nikola
 25409 | Swamp:3  | Found a runed translucent door.
 25409 | Swamp:3  | Noticed a tentacled monstrosity
 25411 | Swamp:3  | Noticed bairyn's ghost (adept DESu)
 25846 | Swamp:3  | Reached skill level 18 in Polearms
 26019 | Swamp:4  | Entered Level 4 of the Swamp
 26044 | Swamp:4  | Noticed a fenstrider witch
 26055 | Swamp:3  | Killed a fenstrider witch
 26435 | Swamp:4  | Reached skill level 19 in Polearms
 26436 | Swamp:4  | Noticed a fenstrider witch
 26454 | Swamp:3  | Identified the +10 bardiche "Bocarphypt" {holy, rCorr
                  | Dex+4} (Okawaru gifted it to you on level 3 of the Swamp)
 26454 | Swamp:3  | Received a gift from Okawaru
 26604 | Swamp:4  | Reached XP level 17. HP: 135/155 MP: 26/26
 27228 | Spider:1 | Entered Level 1 of the Spider Nest
 27380 | Spider:1 | Reached skill level 20 in Polearms
 28084 | Spider:1 | Identified the +5 scale mail "Xogiacaf" {Regen+ Str+3
                  | Int+2} (Okawaru gifted it to you on level 1 of the Spider
                  | Nest)
 28084 | Spider:1 | Received a gift from Okawaru
 28328 | Spider:2 | Noticed Louise
 28347 | Spider:2 | Killed Louise
 28447 | Spider:2 | Identified Roxanne's Catalogue of the Switch
 28447 | Spider:2 | Noticed Roxanne
 28766 | Spider:2 | Noticed Arachne
 28776 | Spider:2 | Killed Arachne
 30018 | Spider:4 | Entered Level 4 of the Spider Nest
 30152 | Spider:3 | Received a gift from Okawaru
 30218 | Lair:2   | Killed Ironcache's ghost
 30224 | Lair:2   | Identified the ring "Ikloh" {*Corrode rElec Dex+3 SInv}
 30328 | Orc:2    | Entered Level 2 of the Orcish Mines
 30415 | Orc:2    | Found Voydillosch's Antique Weapon Boutique.
 30415 | Orc:2    | Found Vokkol's Magic Scroll Emporium.
 30416 | Orc:2    | Found Nuulenk's Assorted Antiques.
 30416 | Orc:2    | Found Xeullul's Book Shop.
 30433 | Orc:2    | Reached XP level 18. HP: 61/164 MP: 27/27
 30527 | Orc:2    | Reached skill level 10 in Evocations
 30642 | Orc:2    | Identified the -1 pair of gloves of the Trilobite {+Blink
                  | rElec Will+ Int+2 Stlth-} (Okawaru gifted it to you on
                  | level 2 of the Orcish Mines)
 30642 | Orc:2    | Received a gift from Okawaru
 30872 | Orc:2    | Found a staircase to the Elven Halls.
 31147 | Orc:2    | Reached skill level 21 in Polearms
 31175 | Orc:2    | Bought 2 potions of heal wounds for 330 gold pieces
 31177 | Orc:2    | Bought a scroll of acquirement for 676 gold pieces
 31190 | Orc:2    | Acquired 1130 gold pieces
 31199 | Orc:2    | Bought 2 scrolls of enchant weapon for 195 gold pieces
 31206 | Orc:2    | Bought a potion of flight for 99 gold pieces
 31562 | Swamp:4  | Paralysed by a fenstrider witch for 3 turns
 31873 | Swamp:4  | Found an ancient bone altar of Kikubaaqudgha.
 31893 | Swamp:4  | Got Gloorx Vloq's Tractate on Black Arts
 32210 | Swamp:4  | Got a decaying rune of Zot
 32613 | Spider:2 | Killed Roxanne
 33071 | Spider:4 | Reached skill level 22 in Polearms
 33623 | Spider:4 | Received a gift from Okawaru
 33825 | Spider:4 | Reached skill level 23 in Polearms
 33850 | Spider:4 | Identified the +2 battleaxe "Sunwiguc" {vamp, rF+ Str+2
                  | Int+3} (Okawaru gifted it to you on level 4 of the Spider
                  | Nest)
 33850 | Spider:4 | Received a gift from Okawaru
 34099 | Spider:4 | Identified the +2 pair of boots of Ceuff {Int+7}
 34102 | Spider:4 | Got a gossamer rune of Zot
 34359 | Vaults:1 | Entered Level 1 of the Vaults
 34400 | Vaults:1 | Noticed a Hell Sentinel
 34538 | Vaults:1 | Reached XP level 19. HP: 130/170 MP: 28/28
 34749 | Vaults:1 | HP: 1/170 [deep troll[an ironbound preserver] (13)]
 34751 | Vaults:1 | Mangled by a vault sentinel

Illustrated notes

Levels and vault maps discovered:
D:1:      zelgadis_glass_arrival_small, layout_loops_cross, serial_shops,
          shop_fountains
D:2:      layout_basic, serial_shops, shop, uniq_sigmund
D:3:      kb_forest_paths, layout_basic, ebering_ghost_rock_garden,
          hellmonk_ecumenical_altar_leap_of_faith, minmay_misc_feat_more_columns
D:4:      layout_cave_pods, xom_confusion_cloud,
          minmay_temple_entry_proselytizer
D:5:      layout_rooms, minmay_hedge_maze, hangedman_abyss_or_decor_stagger,
          minmay_between, uniq_eustachio
D:6:      layout_cave_pools, nicolae_tso_swordbearing_angel, serial_shops,
          kennysheep_mini_moat, eino_tiny_chamber, uniq_blork_the_orc,
          uniq_edmund
D:7:      layout_loops_corners, mainiacjoe_overflow_alcove_2,
          lightli_temple_of_fire, grunt_temple_overflow_open, enter_bailey_3,
          uniq_crazy_yiuf_cottage
D:8:      layout_loops_ring, gup_ossuary_entry_pyramid,
          wad_floor_pattern_untrapped, uniq_maurice
D:9:      layout_basic, grunt_lair_entry_orc_guard_hut
D:10:     layout_basic, grunt_gozag_statues, orc_david_3,
          kb_lookout_dungeons_type, uniq_psyche
D:11:     minmay_clustersquares, layout_long_grid,
          maelrawn_ghost_gauntlet_escape
D:12:     nicolae_cairo_tiling_large_dashed, layout_cave_pods, enter_trove_2,
          dreamdust_princess_bridge, nicolae_twisting_strands,
          minmay_quadrilaterals
D:13:     layout_stronghold, hangedman_vaults_entry_quadrant_bands,
          nicolae_elemental_shop, minmay_variable_closet
D:14:     layout_irregular_city, serial_bayou_pond_c, uniq_kirke
D:15:     grunt_enter_depths_hoard, layout_long_grid, nrook_pool_corridor,
          serial_shops, shop
Temple:   hellmonk_temple_forest_ring
Lair:1:   layout_long_grid, gammafunk_ghost_cemetery, lemuel_oklob_altar,
          infiniplex_staircase_pool
Lair:2:   layout_regular_city, nicolae_swamp_entry_spooky,
          hellmonk_spider_entry_not_the_bees, ebering_ghost_reflecting_pool,
          lemuel_fruit_tree, uniq_amaemon
Lair:3:   layout_chaotic_city, grunt_megastairs_3, lemuel_fruit_fields,
          uniq_nergalle
Lair:4:   layout_layer_cave, nicolae_slime_entry_slimehenge, lookout_lair_type
Lair:5:   cheibrodos_lair_end_hotspot, layout_loops_ring,
          nzn_masters_of_martial_movement, uniq_urug
Swamp:1:  nicolae_swamp_ascending_descending_big, layout_basic_swamp,
          evilmike_swamp_ruin_house_1
Swamp:2:  layout_basic_swamp, serial_swamp_ruin, evilmike_swamp_ruin_house_2,
          evilmike_swamp_ruin_house_4
Swamp:3:  layout_basic_swamp, ebering_ghost_inner_flame,
          evilmike_swamp_ruin_house_5, hangedman_swamp_double_dragon,
          uniq_nikola, uniq_donald
Swamp:4:  swamp_fiery, layout_basic_swamp, beargit_kiku_chapel,
          infiniplex_staircase_pool_2
Spider:1: layout_spider_delve, nicolae_spider_undead_wolf_pack
Spider:2: layout_spider_delve, uniq_louise, uniq_arachne, uniq_roxanne
Spider:3: layout_spider_delve, nicolae_spider_some_kinda_spiderbox
Spider:4: grunt_spider_rune_circles
Orc:1:    lemuel_ogre_cave, layout_caves, gammafunk_ghost_wrathful_warriors,
          special_room [special_room_orc]
Orc:2:    st_orc_ogre_mass, layout_diamond_mine, special_room
Vaults:1: nicolae_vaults_an_arrangement, vaults_room_octagon,
          nicolae_vaults_double_plus_1, nicolae_vaults_layer_cake_slice,
          layout_vaults_omnicross, serial_shops, shop

Skill      XL: |  1  2  3  4  5  6  7  8  9 10 11 12 13 14 15 16 17 18 |
---------------+-------------------------------------------------------+-----
Polearms       | 3 7 9 10 15 16 19 20 23 | 23.9
Fighting       | 4 6 8 9 10 11 14 18 20 | 20.6
Armour         | 3 5 7 9 |  9.7
Invocations    | 3 8 9 12 13 | 13.0
Throwing       | 2 6 7 8 9 |  9.0
Evocations     | 2 6 7 9 10 | 10.6
Shields        | |  3.1

Action                     |  1- 3 |  4- 6 |  7- 9 | 10-12 | 13-15 | 16-18 | 19-21 || total
---------------------------+-------+-------+-------+-------+-------+-------+-------++-------
  Melee: Trident           |    52 |       |       |       |       |       |       ||    52
         Spear             |    34 |     3 |       |       |       |       |       ||    37
         Halberd           |       |    66 |   235 |   589 |  1216 |   401 |       ||  2507
         Tailslap          |       |       |     1 |       |     1 |    25 |       ||    27
         Unarmed           |       |       |       |     1 |     8 |       |       ||     9
         Bardiche          |       |       |       |       |       |   868 |    23 ||   891
         Glaive            |       |       |       |       |       |    12 |       ||    12
  Throw: Dart              |       |       |     7 |     9 |     6 |    20 |       ||    42
         Javelin           |       |       |       |       |    23 |    12 |       ||    35
 Invoke: Heroism           |       |       |       |     4 |     3 |    10 |       ||    17
         Finesse           |       |       |       |     1 |     2 |     6 |       ||     9
  Evoke: Wand              |       |       |       |     2 |     1 |    49 |       ||    52
    Use: Potion            |     1 |     1 |     3 |     2 |       |    14 |     1 ||    22
         Scroll            |       |     3 |    14 |    11 |     8 |    19 |     3 ||    58
   Stab: Distracted        |       |     1 |       |       |       |       |       ||     1
         Invisible         |       |       |       |       |       |     3 |       ||     3
 Armour: Scale mail        |    33 |    19 |    11 |       |       |       |       ||    63
         Plate armour      |       |       |    86 |   317 |   625 |  1075 |    64 ||  2167
  Dodge: Dodged            |    43 |    29 |    47 |   108 |   469 |   472 |    31 ||  1199
  Block: Buckler           |     9 |       |       |       |       |       |       ||     9
         Other             |       |       |       |    95 |   199 |   269 |    16 ||   579
         Reflection        |       |       |       |     8 |    10 |     5 |       ||    23
